 Dungeon Crawl Stone Soup version 0.21-a0-380-gd65dc97 (webtiles) character file.

291 kae the Firebug (level 6, -3/32 HPs)
             Began as a Tengu Fire Elementalist on Oct 17, 2017.
             Slain by an orc
             ... wielding a +0 whip
              (7 damage)
             ... on level 3 of the Dungeon.
             The game lasted 00:04:09 (3852 turns).

kae the Firebug (Tengu Fire Elementalist)           Turns: 3852, Time: 00:04:10

Health: -3/32      AC:  3    Str:  9    XL:     6   Next: 32%
Magic:  0/12       EV: 12    Int: 17    God:
Gold:   98         SH:  0    Dex: 14    Spells: 1/11 levels left

rFire    . . .     SeeInvis .   q - +3 quarterstaff (chaos)
rCold    . . .     Gourm    +   (shield currently unavailable)
rNeg     . . .     Faith    .   a - +0 robe
rPois    .         Spirit   .   (helmet restricted)
rElec    .         Reflect  .   r - +0 cloak
rCorr    .         Harm     .   (no gloves)
MR       .....                  (boots unavailable)
Stlth    ++........             h - amulet of the gourmand
HPRegen  0.10/turn              (no ring)
MPRegen  0.13/turn              (no ring)

@: no status effects
A: beak, talons 3, able to fly 1
a: Fly


You were on level 3 of the Dungeon.
You were not hungry.

You visited 1 branch of the dungeon, and saw 3 of its levels.

You collected 98 gold pieces.

Inventory:

Hand Weapons
 q - a +3 quarterstaff of chaos (weapon)
Armour
 a - a +0 robe (worn)
 r - a +0 cloak (worn)
Jewellery
 h - an amulet of the gourmand (around neck)
 p - an uncursed ring of protection from fire {unknown}
Scrolls
 d - a scroll of blinking {unknown}
 f - 3 scrolls of remove curse {unknown}
 j - a scroll of teleportation {unknown}
 k - 2 scrolls of identify {unknown}
 l - a scroll of enchant armour {unknown}
 m - a scroll of recharging {unknown}
 o - a scroll of noise {unknown}
Potions
 e - 2 potions of flight {unknown}
 g - a potion of brilliance {unknown}
 n - a potion of berserk rage {unknown}
Books
 b - a book of Flames

   Spells                             Type                      Level
   a - Flame Tongue                   Conjuration/Fire             1
   b - Throw Flame                    Conjuration/Fire             2
   c - Conjure Flame                  Conjuration/Fire             3
   d - Inner Flame                    Hexes/Fire                   3
   e - Sticky Flame                   Conjuration/Fire             4
   f - Fireball                       Conjuration/Fire             5
Comestibles
 c - 4 bread rations
 i - a meat ration
 s - a royal jelly


   Skills:
 + Level 0.5 Staves
 - Level 2.1 Dodging
 - Level 2.0 Stealth
 + Level 3.3 Spellcasting
 + Level 4.0 Conjurations
 * Level 5.8 Fire Magic


You had one spell level left.
You knew the following spells:

 Your Spells              Type           Power        Failure   Level  Hunger
a - Flame Tongue          Conj/Fire      ###..        2%          1    None
b - Throw Flame           Conj/Fire      ###...       3%          2    ##.....
c - Conjure Flame         Conj/Fire      ###.....     7%          3    ###....
d - Sticky Flame          Conj/Fire      ###.....     22%         4    ####...


Dungeon Overview and Level Annotations

Branches:
Dungeon (3/15)

Altars:
Zin

Shops:
D:2 *


Innate Abilities, Weirdness & Mutations

You have a beak for a mouth.
You have claws for feet.
You can fly.


Message History

Confirm with . or Enter, or press ? or * to list all spells.
You don't have enough magic to cast that spell.
Casting: Flame Tongue
Confirm with . or Enter, or press ? or * to list all spells.
You don't have enough magic to cast that spell.
Casting: Flame Tongue
Confirm with . or Enter, or press ? or * to list all spells.
You don't have enough magic to cast that spell.
Casting: Flame Tongue
Confirm with . or Enter, or press ? or * to list all spells.
You don't have enough magic to cast that spell.
You sock the kobold! Lightning courses through the kobold!
You kill the kobold!
The orc hits the plant but does no damage.
You closely miss the orc. The orc hits you with a whip.
* * * LOW HITPOINT WARNING * * *
You hit the orc but do no damage.
The orc flickers and vanishes!
Deactivating autopickup; reactivate with Ctrl-A.
Your kick misses something. Something hits you!
You die...

.................. ..#
......#.......##
...... ..............#
..... .....<..##....#
.....
##########....###.....
...............#
###♣♣♣♣.#†.#.###
...♣PP♣)..♣.♣
...♣...♣P.♣...P♣@♣
..............♣{♣P♣
......[.###....o).♣
.......# +..†###...♣
#.....###...+ .....P
#.P.....P...###.....♣
#..⌠..P..............
##................♣...
............#.....♣
♣P♣


You could see an orc.

Vanquished Creatures
  3 jellies (D:2)
  An orc priest (D:3)
  Crazy Yiuf (D:2)
  An orc wizard (D:2)
  8 oozes
  A worm (D:2)
  A dart slug (D:1)
  A leopard gecko (D:3)
  6 orcs
  6 giant cockroaches
  5 goblins
  7 hobgoblins
  3 jackals (D:3)
  3 quokkas
  2 ball pythons
  7 bats
  8 frilled lizards
  12 kobolds
  3 rats
79 creatures vanquished.

Vanquished Creatures (others)
  3 fungi (D:2)
  7 toadstools (D:2)
10 creatures vanquished.

Grand Total: 89 creatures vanquished

Notes
Turn   | Place    | Note
-------+----------+-------------------------------------------
     0 | D:1      | kae the Tengu Fire Elementalist began the quest for the Orb.
     0 | D:1      | Reached XP level 1. HP: 10/10 MP: 4/4
   159 | D:1      | Reached XP level 2. HP: 15/15 MP: 1/6
   815 | D:1      | Reached skill level 4 in Fire Magic
   815 | D:1      | Reached XP level 3. HP: 19/19 MP: 4/7
  1333 | D:2      | Found Zin's Purification Station.
  1333 | D:2      | Found a glowing silver altar of Zin.
  1776 | D:2      | Reached XP level 4. HP: 24/24 MP: 5/8
  1831 | D:2      | Reached skill level 5 in Fire Magic
  1831 | D:2      | Gained mutation: You can fly. [Tengu growth]
  1831 | D:2      | Reached XP level 5. HP: 2/28 MP: 1/10
  2284 | D:2      | Found a runed door.
  3442 | D:2      | Learned a level 2 spell: Throw Flame
  3446 | D:2      | Learned a level 3 spell: Conjure Flame
  3451 | D:2      | Learned a level 4 spell: Sticky Flame
  3451 | D:2      | Noticed Crazy Yiuf
  3459 | D:2      | Killed Crazy Yiuf
  3459 | D:2      | Reached XP level 6. HP: 32/32 MP: 0/11
  3852 | D:3      | Slain by an orc

Vault maps used:
D:1:      dpeg_arrival_simpleton_a, minmay_pentomino_r4
D:2:      cheibrodos_fertilizer, zin_purify, kennysheep_generic_room_8,
          uniq_crazy_yiuf_cottage
D:3:      wad_woods_settlement, dancing_weapons_uskayaw, guppyfry_early_orc_mine

Skill      XL: |  1  2  3  4  5  6 |
---------------+-------------------+-----
Conjurations   | 2 3 4 |  4.0
Fire Magic     | 4 5 |  5.8
Spellcasting   | 3 |  3.3
Staves         | |  0.5
Dodging        | |  2.1
Stealth        | |  2.0

Action                   |  1- 3 |  4- 6 || total
-------------------------+-------+-------++-------
Melee: Unarmed           |    27 |    20 ||    47
       Kick              |     5 |     5 ||    10
       Peck              |     2 |     6 ||     8
       Quarterstaff      |       |     9 ||     9
 Cast: Flame Tongue      |    62 |    88 ||   150
       Conjure Flame     |       |     1 ||     1
       Throw Flame       |       |     1 ||     1
       Sticky Flame      |       |     1 ||     1
  Eat: Chunk             |     4 |     9 ||    13
       Royal jelly       |       |     1 ||     1
Armor: Robe              |    21 |    13 ||    34
Dodge: Dodged            |    39 |    61 ||   100

Table legend:
 A = Spawn XP
 B = Non-spawn XP
 C = Spawn XP percentage of total XP
 D = Spawn monster count
 E = Non-spawn monster count
 F = Spawn count percentage of total count
 G = Total turns spent on level
                    A         B        C        D         E        F      G
               +---------+---------+-------+---------+---------+-------+---------
         Total |       0 |     417 |   0.0 |       0 |      79 |   0.0 |  3852
               +---------+---------+-------+---------+---------+-------+---------
           D:1 |       0 |      45 |   0.0 |       0 |      25 |   0.0 |  1057
           D:2 |       0 |     304 |   0.0 |       0 |      42 |   0.0 |  2674
           D:3 |       0 |      68 |   0.0 |       0 |      12 |   0.0 |   121
               +---------+---------+-------+---------+---------+-------+---------
